 Dungeon Crawl Stone Soup version 0.30.0-5-g1a98f26d00 (webtiles) character file.

Game seed: 18321157423330672558

29 H0rd4k the Charlatan (level 3, -1/26 HPs)
             Began as a Human Artificer on May 8, 2023.
             Succumbed to an orc's poison
             ... on level 2 of the Dungeon.
             The game lasted 00:00:50 (1096 turns).

H0rd4k the Charlatan (Human Artificer)              Turns: 1096, Time: 00:00:50

Health: -1/26      AC:  4    Str: 12    XL:     3   Next: 32%
Magic:  3/3        EV: 11    Int: 13    God:
Gold:   121        SH:  0    Dex: 13    Spells: 2/2 levels left

rFire   . . .        a - +0 club
rCold   . . .        (no shield)
rNeg    . . .        b - +0 leather armour
rPois   .            (no helmet)
rElec   .            g - +0 cloak
rCorr   .            (no gloves)
SInv    .            (no boots)
Will    .....        (no amulet)
Stlth   +            (no ring)
HPRegen 0.24/turn    (no ring)
MPRegen 0.08/turn

%: no passive effects
@: lethally poisoned (-1 -> -9)
A: no striking features
a: no special abilities


You were on level 2 of the Dungeon.
You visited 1 branch of the dungeon, and saw 2 of its levels.

You collected 121 gold pieces.

Inventory:

Hand Weapons
 a - a +0 club (weapon)
Armour
 b - a +0 leather armour (worn)
 g - a +0 cloak (worn)
Wands
 c - a wand of flame (13) (quivered)
 d - a wand of charming (13)
 e - a wand of iceblast (5)
Scrolls
 f - 3 scrolls of identify {unknown}
 h - 2 scrolls of amnesia {unknown}
 i - a scroll of fog {unknown}
 j - a scroll of teleportation {unknown}
Potions
 k - a potion of haste {unknown}
 l - a potion of degeneration {unknown}
 m - a potion of brilliance {unknown}


   Skills:
 + Level 1.3 Fighting
 + Level 0.2 Maces & Flails
 - Level 2.0 Armour
 + Level 1.1 Dodging
 + Level 1.0 Stealth
 + Level 4.0 Evocations


You had 2 spell levels left.
You didn't know any spells.
Your spell library was empty.

Dungeon Overview and Level Annotations

Branches:
Dungeon (2/15)

Altars:


Message History

You are more poisoned.
The orc barely misses you.
A kobold comes into view. It is wielding a +0 dagger.
An orc priest comes into view. It is wielding a +0 short sword.
Unknown command.
Aiming: Throw Flame
Press: ? - help, Shift-Dir - straight line, f - orc
Aim: an orc, wielding a +0 short sword of venom (almost dead, 71% to hit)
The puff of flame hits the orc!
You kill the orc!
The kobold shouts!
* * * LOW HITPOINT WARNING * * *
You feel very sick.
You hear an angry hiss.
Aiming: Throw Flame
Press: ? - help, Shift-Dir - straight line, f - kobold
Aim: a kobold, wielding a +0 dagger (64% to hit)
The puff of flame hits the kobold.
You kill the kobold!
* * * LOW HITPOINT WARNING * * *
You feel very sick.
The orc priest miscasts a cantrip.
An orc comes into view. It is wielding a +0 short sword.
Your Evocations skill increases to level 4!
Okay, then.
Unknown command.
Aiming: Charm
Press: ? - help, Shift-Dir - straight line, f - orc
Aim: an orc, wielding a +0 short sword (wandering, hasn't noticed you, chance to affect: 75%)
The orc shouts!
The orc struggles to resist.
* * * LOW HITPOINT WARNING * * *
You feel very sick.
The orc priest miscasts a cantrip.
An orc comes into view. It is wielding a +0 mace.
Aiming: Charm
Press: ? - help, Shift-Dir - straight line, f - orc priest
Aim: an orc priest, wielding a +0 short sword and wearing a +0 leather armour (chance to affect: 59%)
The orc priest is charmed.
You die...

..# #o# #.# o.+
#)# #.# #)# #@#
#.# #.# #.# #.# ##
#.# #<
#.###############.
#............†....
#.################


You could see an orc and a friendly orc priest (charmed).

Vanquished Creatures
  An orc (D:2)
  A bat (D:1)
  2 endoplasms (D:1)
  A hobgoblin (D:1)
  7 jackals
  A quokka (D:1)
  A ball python (D:1)
  A goblin (D:1)
  6 kobolds
  2 rats (D:1)
23 creatures vanquished.

Notes
Turn   | Place    | Note
-------+----------+-------------------------------------------
     0 | D:1      | H0rd4k the Human Artificer began the quest for the Orb.
     0 | D:1      | Reached XP level 1. HP: 15/15 MP: 1/1
   326 | D:1      | Reached XP level 2. HP: 19/21 MP: 2/2
   691 | D:1      | Reached XP level 3. HP: 13/26 MP: 3/3
  1095 | D:2      | Reached skill level 4 in Evocations
  1095 | D:2      | HP: 1/26 [poisoned by an orc]
  1096 | D:2      | Succumbed to an orc's poison

Illustrated notes

Levels and vault maps discovered:
D:1:      heliophobic_arrival_enchanted_forest, layout_basic
D:2:      layout_basic, serial_shops, shop, basic_altar, hangedman_decor_push,
          serial_bayou_pond_a, item_on_display_a

Skill      XL: |  1  2  3 |
---------------+----------+-----
Evocations     | 4 |  4.0
Fighting       | |  1.3
Maces & Flails | |  0.2
Armour         | |  2.0
Dodging        | |  1.1
Stealth        | |  1.0

Action                     || total
---------------------------++-------
  Melee: Club              ||    96
         Punch             ||     1
  Evoke: Wand              ||     4
 Armour: Leather armour    ||    28
  Dodge: Dodged            ||    72
